 Dungeon Crawl Stone Soup version 0.19-a0-526-gbe2e51c (webtiles) character file.

61324 Geppetto the Cleaver (level 15, -1/115 HPs)
             Began as a Formicid Abyssal Knight on June 7, 2016.
             Was the Champion of Lugonu.
             Slain by a wolf spider (4 damage)
             ... on level 1 of the Orcish Mines.
             The game lasted 01:45:58 (26304 turns).

Geppetto the Cleaver (Formicid Abyssal Knight)     Turns: 26304, Time: 01:46:00

Health: -1/115     AC: 16    Str: 27    XL:     15   Next: 41%
Magic:  22/24      EV: 15    Int: 12    God:    Lugonu [******]
Gold:   1483       SH: 13    Dex: 14    Spells: 5 memorised, 12 levels left

rFire  + . .     SeeInvis +     O - +2 battleaxe (freeze)
rCold  + . .     Gourm    .     n - +0 scale mail {rC+}
rNeg   . . .     Faith    .     p - +1 shield
rPois  +         Spirit   .     (helmet unavailable)
rElec  .         Dismiss  .     E - +0 cloak "Doeqokla" {MR++ rCorr}
rCorr  +         Reflect  .     Z - +1 pair of gloves {Str+3}
SustAt .         Harm     .     t - +2 pair of boots
MR     +++..                    u - amulet of regeneration
Stlth  ..........               o - ring of protection from fire
                                z - ring of poison resistance

@: mighty, very slightly contaminated, drained, extremely resistant to hostile
enchantments, extremely unstealthy
A: permanent stasis, dig shafts and tunnels, four strong arms, antennae 3,
MP-powered wands
a: Dig, Shaft Self, Depart the Abyss, Bend Space, Banish, Corrupt, Enter the
Abyss, Brand Weapon With Distortion, Renounce Religion


You were on level 1 of the Orcish Mines.
You worshipped Lugonu.
Lugonu was exalted by your worship.
You were near starving.

You visited 3 branches of the dungeon, and saw 21 of its levels.
You visited the Abyss 1 time.

You collected 1993 gold pieces.
You spent 510 gold pieces at shops.

Inventory:

Hand Weapons
 f - a +5 war axe
 I - a +2 war axe of chopping
 O - a +2 battleaxe of freezing (weapon)
Armour
 n - a +0 scale mail of cold resistance (worn)
 p - a +1 shield (worn)
 t - a +2 pair of boots (worn)
 v - a +0 plate armour
 A - the +1 cloak "Kovvaisch" {rF- rC+ Str+7 Stlth+}
   (You acquired it on level 4 of the Lair of Beasts)

   It affects your strength (+7).
   It makes you vulnerable to fire.
   It protects you from cold.
   It makes you more stealthy.
 E - the +0 cloak "Doeqokla" (worn) {MR++ rCorr}
   (You found it on level 6 of the Lair of Beasts)

   It affects your resistance to hostile enchantments.
   It protects you from acid and corrosion.
 Z - a +1 pair of gloves of strength (worn)
Rods
 a - a +3 rod of inaccuracy (9/9)
   (You found it on level 3 of the Lair of Beasts)
Jewellery
 h - an uncursed amulet of the gourmand
 j - a +2 ring of strength
 o - a ring of protection from fire (right hand)
 r - a +1 ring of evasion
 u - an amulet of regeneration (around neck)
 z - a ring of poison resistance (left hand)
 K - an uncursed amulet of guardian spirit
 V - an uncursed ring of sustain attributes
 Y - an uncursed ring of wizardry
Wands
 y - a wand of acid (9/15)
 G - a wand of flame (5/48)
 J - a wand of enslavement (10/24)
 R - a wand of iceblast (8/15)
 S - a wand of paralysis (12/24)
 U - a wand of random effects (8/48)
Scrolls
 g - 6 scrolls of remove curse
 s - 3 scrolls of magic mapping
 w - 6 scrolls of immolation
 H - a scroll of fog {unknown}
 M - a scroll of amnesia
 N - a scroll of recharging
 T - 3 scrolls of enchant armour
 W - 4 scrolls of identify
Potions
 b - 4 potions of agility
 d - 6 potions of might
 e - a potion of ambrosia
 i - 2 potions of magic
 l - 4 potions of curing
 x - a potion of heal wounds
 B - 2 potions of resistance
 D - 7 potions of invisibility
 L - 2 potions of flight {unknown}
 P - a potion of mutation {unknown}
 X - a potion of brilliance {unknown}
Books
 m - a book of Necromancy

   Spells                             Type                      Level
   a - Pain                           Necromancy                   1
   b - Animate Skeleton               Necromancy                   1
   c - Vampiric Draining              Necromancy                   3
   d - Regeneration                   Charms/Necromancy            3
   e - Animate Dead                   Necromancy                   4
   f - Control Undead                 Necromancy                   4
Comestibles
 c - 9 bread rations
 k - 23 beef jerkies
 q - 6 meat rations
 C - 2 slices of pizza
 F - 27 fruits
 Q - a royal jelly


   Skills:
 - Level 10.2(9.5) Fighting
 - Level 11.5(10.8) Axes
 - Level 10.7(10.0) Armour
 + Level 9.5(8.8) Dodging
 - Level 9.1(8.4) Shields
 - Level 6.5(5.8) Spellcasting
 - Level 4.3(3.7) Conjurations
 - Level 5.5(4.9) Charms
 * Level 9.5(8.8) Necromancy
 - Level 8.5(7.8) Invocations


You had 12 spell levels left.
You knew the following spells:

 Your Spells              Type           Power        Failure   Level  Hunger
a - Pain                  Necr           ###.         1%          1    None
b - Regeneration          Chrm/Necr      ###.......   10%         3    ###....
c - Deflect Missiles      Chrm/Air       #.........   100%        6    #######
d - Magic Dart            Conj           ##..         10%         1    None
e - Animate Dead          Necr           N/A          12%         4    ####...


Dungeon Overview and Level Annotations

Branches:
Dungeon (12/15)            Temple (0/1) D:5            Lair (8/8) D:11
  Swamp (0/4) Lair:4        Snake (0/4) Lair:6        Slime (0/6) Lair:7
    Orc (1/2) D:9

Altars:
Ashenzari
Cheibriados
Gozag
Hepliaklqana
Makhleb
Nemelex Xobeh
Pakellas
Qazlal
Sif Muna
Trog
Uskayaw
Vehumet
Xom
Yredelemnul
Zin
The Shining One
Jiyva

Shops:
D:5 (   D:11 :

Annotations:
Abyss:1 Gastronok, Maurice, Sonja


Innate Abilities, Weirdness & Mutations

You are under a permanent stasis effect.
You can dig through walls and to a lower floor.
Your four strong arms can wield two-handed weapons with a shield.
You have a pair of large antennae on your head. (SInv)
You expend magic power (3 MP) to strengthen your wands.


Message History

The wolf spider is severely wounded.
The wolf spider hits you.
* * * LOW HITPOINT WARNING * * *
The wolf spider bites you but does no damage.
The wolf spider misses you. You block the wolf spider's attack.
You slice the wolf spider!! You freeze the wolf spider.
You kill the wolf spider!
Lugonu accepts your kill. The wolf spider misses you.
You block the wolf spider's attack.
You slice the wolf spider!! You freeze the wolf spider.
The wolf spider is almost dead.
You block the wolf spider's attack.
The wolf spider bites you but does no damage.
You barely miss the wolf spider.
The wolf spider is almost dead.
You are near starving!
The wolf spider hits you!
* * * LOW HITPOINT WARNING * * *
You block the wolf spider's attack. The wolf spider hits you.
You die...

##.^.#..........##..........
#.^^.#....#.....##..........
#..^.#...####.....#.........
#..^.#....##................
#....#....##................
#.^.))...##.#.Z...(.........
#..^.#.o{.#........(.#......
##...#.{{###........###..#..
#...##{#{#@##......# ######
#########s##.##....# #####
######


You could see a wolf spider and a friendly orc zombie.

Vanquished Creatures
  A fire dragon (Lair:8)
  2 tengu warriors (D:11)
  A death yak (Lair:8)
  A hill giant (D:12)
  An ugly thing (D:12)
  A griffon (Lair:7)
  An oklob plant (Lair:7)
  An orc sorcerer (Orc:1)
  4 cyclopes
  27 elephants
  2 wolf spiders (Orc:1)
  5 black mambas
  9 spiny frogs
  2 rime drakes
  15 komodo dragons
  A queen bee (Lair:3)
  8 polar bears
  A two-headed ogre (D:9)
  17 blink frogs
  3 raiju (Lair:8)
  2 spriggans (Lair:3)
  A wyvern (D:9)
  31 yaks
  2 wraiths (D:11)
  5 basilisks
  9 hippogriffs
  A hungry ghost (D:12)
  A steam dragon (Lair:8)
  4 vampire mosquitoes (Lair:5)
  An insubstantial wisp (Lair:5)
  3 mottled dragons (Lair:8)
  8 wargs
  16 water moccasins
  4 hell hounds (Lair:8)
  5 porcupines
  7 orc warriors
  A swamp drake (Lair:8)
  An ice beast (D:7)
  A wasp (D:8)
  3 sky beasts
  12 black bears
  An eye of draining (D:7)
  A necrophage (D:10)
  4 centaurs
  4 ogres
  23 wolves
  17 crocodiles
  19 giant frogs
  2 big kobolds
  A wyvern zombie (D:9)
  2 gnoll sergeants
  2 wyvern skeletons
  9 scorpions
  A water moccasin skeleton (D:9)
  16 killer bees
  14 wights
  3 electric eels
  A vampire bat (D:3)
  5 howler monkeys
  10 crimson imps
  13 hounds
  3 quasits
  A giant frog zombie (D:11)
  12 orc priests
  Crazy Yiuf (D:7)
  A centaur zombie (D:10)
  A jelly (D:7)
  2 giant frog skeletons (D:9)
  3 centaur skeletons
  13 iguanas
  12 orc wizards
  Jessica (D:3)
  Ijyb (D:3)
  10 worker ants
  6 hell rats (Lair:8)
  18 sheep
  A hound zombie (D:7)
  10 gnolls
  11 adders
  55 river rats
  A shadow imp (D:7)
  An ooze (D:4)
  An adder skeleton (D:9)
  2 dart slugs
  3 fire bats (D:3)
  3 giant geckos
  81 orcs
  18 bats
  3 bat skeletons (D:3)
  A bat zombie (D:3)
  6 giant cockroaches
  10 goblins
  4 hobgoblins
  25 jackals
  3 quokkas
  2 ball pythons
  A bat simulacrum (D:3)
  2 giant gecko skeletons
  2 giant newts
  A jackal skeleton (D:9)
  A jackal zombie (D:6)
  12 kobolds
  8 rats
  A bush (Lair:7)
  7 fungi
  8 plants
738 creatures vanquished.

Vanquished Creatures (collateral kills)
  A rime drake (Lair:8)
  A polar bear (Lair:8)
  2 wargs (Lair:8)
  3 black bears (Lair:8)
  3 wolves (Lair:8)
  A crocodile (Lair:8)
  3 hounds (Lair:8)
  2 iguanas (Lair:8)
  An orc wizard (Orc:1)
17 creatures vanquished.

Vanquished Creatures (others)
  6 hydras
  A death yak (Lair:8)
  2 hill giants (D:10)
  A troll (D:10)
  A raiju (Lair:8)
  A hungry ghost (D:8)
  A vampire mosquito (Lair:5)
  2 electric eels
  A hound (Lair:8)
  An iguana (Lair:8)
  2 spectral bats (D:3)
  31 fungi
  18 plants
  4 toadstools (D:1)
72 creatures vanquished.

Grand Total: 827 creatures vanquished

Notes
Turn   | Place    | Note
--------------------------------------------------------------
     0 | Abyss:1  | Geppetto the Formicid Abyssal Knight began the quest for the Orb.
     0 | Abyss:1  | Reached XP level 1. HP: 18/18 MP: 2/2
     3 | Abyss:1  | Found a corrupted altar of Lugonu.
    45 | Abyss:1  | Noticed a wretched star
    46 | D:1      | Escaped the Abyss
   167 | D:1      | Reached XP level 2. HP: 22/24 MP: 3/3
   578 | D:1      | Reached skill level 3 in Axes
   592 | D:1      | Reached * piety under Lugonu
   767 | D:2      | Reached XP level 3. HP: 24/29 MP: 4/4
   818 | D:2      | Found a deep blue altar of Sif Muna.
   826 | D:2      | Found a glowing silver altar of Zin.
   829 | D:2      | Noticed an angel
   834 | D:2      | Found a shimmering altar of Xom.
  1091 | D:2      | Found a faded altar of an unknown god.
  1539 | D:3      | Reached XP level 4. HP: 35/35 MP: 5/5
  1544 | D:3      | Reached ** piety under Lugonu
  1774 | D:3      | Noticed Ijyb
  1775 | D:3      | Reached skill level 4 in Axes
  1781 | D:3      | Killed Ijyb
  1781 | D:3      | Reached XP level 5. HP: 17/41 MP: 6/6
  2166 | D:3      | Found a snail-covered altar of Cheibriados.
  2249 | D:3      | Reached skill level 5 in Axes
  2249 | D:3      | Reached XP level 6. HP: 45/47 MP: 7/7
  2489 | D:3      | Noticed Jessica
  2497 | D:3      | Killed Jessica
  2734 | D:4      | Reached *** piety under Lugonu
  2746 | D:4      | Reached skill level 6 in Axes
  2746 | D:4      | Reached XP level 7. HP: 43/52 MP: 9/9
  2870 | D:4      | Found a radiant altar of Vehumet.
  2917 | D:4      | Found a stormy altar of Qazlal.
  2967 | D:4      | Found a hazy altar of Hepliaklqana.
  3022 | D:4      | Reached skill level 1 in Shields
  3648 | D:5      | Entered Level 5 of the Dungeon
  3688 | D:5      | Found a staircase to the Ecumenical Temple.
  3875 | D:5      | Found Amoodol's Antique Weapon Boutique.
  3886 | D:5      | Found an opulent altar of Gozag.
  4074 | D:5      | Reached skill level 7 in Axes
  4229 | D:5      | HP: 2/52 [orc/trident (5)]
  4591 | D:5      | Reached **** piety under Lugonu
  4691 | D:5      | Reached XP level 8. HP: 43/58 MP: 10/10
  5184 | D:6      | Reached skill level 8 in Axes
  5435 | D:6      | Found a glowing golden altar of the Shining One.
  5869 | D:7      | Reached skill level 5 in Shields
  6053 | D:7      | Noticed Crazy Yiuf
  6057 | D:7      | Killed Crazy Yiuf
  6057 | D:7      | Reached skill level 9 in Axes
  6057 | D:7      | Reached XP level 9. HP: 64/64 MP: 11/11
  6150 | D:7      | Found a shattered altar of Ashenzari.
  6349 | D:7      | Got a transparent leather armour
  6360 | D:7      | Identified the +2 leather armour "Rualopp" {rCorr Int+6 Dex-3} (You found it on level 7 of the Dungeon)
  6689 | D:8      | Found a hide-covered altar of Uskayaw.
  6691 | D:8      | Noticed a dagger
  6693 | D:8      | Noticed a dagger
  6804 | D:8      | Reached skill level 10 in Axes
  7070 | D:8      | Found a basalt altar of Yredelemnul.
  7081 | D:8      | Found a bloodstained altar of Trog.
  7089 | D:8      | Found a sparkling altar of Nemelex Xobeh.
  7261 | D:8      | Found a burning altar of Makhleb.
  7646 | D:8      | Reached ***** piety under Lugonu
  7922 | D:8      | Found an oddly glowing altar of Pakellas.
  8039 | D:9      | Reached skill level 5 in Invocations
  8039 | D:9      | Reached XP level 10. HP: 53/70 MP: 13/13
  8474 | D:9      | Noticed a cyclops
  8496 | D:9      | Killed a cyclops
  8496 | D:9      | Reached skill level 5 in Fighting
  8845 | D:9      | Found a staircase to the Orcish Mines.
 10158 | D:9      | Reached skill level 11 in Axes
 10250 | D:10     | Entered Level 10 of the Dungeon
 10282 | D:10     | Reached XP level 11. HP: 55/80 MP: 16/16
 10440 | D:10     | Noticed Maurice
 10444 | D:10     | Banished Maurice
 10508 | D:10     | Noticed a hill giant
 10522 | D:10     | Banished a hill giant
 10810 | D:10     | Gained mutation: You expend magic power (3 MP) to strengthen your wands. [mutagenic meat]
 10814 | D:10     | Noticed a hill giant
 11573 | D:10     | Noticed Gastronok
 11581 | D:10     | Banished Gastronok
 11581 | D:10     | Reached skill level 5 in Armour
 11658 | D:10     | Noticed Sonja
 11664 | D:10     | Banished Sonja
 12277 | D:10     | Banished a hill giant
 12457 | D:10     | Noticed a hill giant
 12457 | D:10     | Banished a hill giant
 12588 | D:11     | Found Ronet's Book Shoppe.
 12758 | D:11     | Noticed a cyclops
 12779 | D:11     | Killed a cyclops
 13027 | D:11     | Reached skill level 1 in Dodging
 13044 | D:11     | Found a staircase to the Lair.
 13714 | D:11     | Noticed a cyclops
 13735 | D:11     | Killed a cyclops
 14187 | D:11     | Noticed a tengu warrior
 14189 | D:11     | Noticed a tengu warrior
 14209 | D:11     | Killed a tengu warrior
 14209 | D:11     | Reached XP level 12. HP: 45/91 MP: 9/18
 14260 | D:11     | Killed a tengu warrior
 14741 | D:12     | Reached skill level 5 in Dodging
 15299 | D:12     | Learned a level 6 spell: Deflect Missiles
 15679 | Lair:1   | Entered Level 1 of the Lair of Beasts
 16563 | Lair:2   | Learned a level 1 spell: Magic Dart
 16696 | Lair:2   | Reached skill level 1 in Spellcasting
 17542 | Lair:3   | Reached XP level 13. HP: 93/101 MP: 19/19
 17828 | Lair:3   | Identified a +3 rod of inaccuracy (9/9) (You found it on level 3 of the Lair of Beasts)
 17934 | Lair:3   | Noticed a four-headed hydra
 17941 | Lair:3   | Banished a four-headed hydra
 18014 | Lair:3   | Reached skill level 10 in Fighting
 18353 | Lair:3   | Reached skill level 5 in Spellcasting
 18974 | Lair:4   | Noticed a seven-headed hydra
 18975 | Lair:4   | Banished a seven-headed hydra
 19176 | Lair:4   | Reached skill level 1 in Conjurations
 19301 | Lair:4   | Found a staircase to the Swamp.
 19399 | Lair:4   | Reached ****** piety under Lugonu
 20150 | Lair:4   | Identified a scroll of acquirement
 20151 | Lair:4   | Got an ancient cloak
 20162 | Lair:4   | Identified the +1 cloak "Kovvaisch" {rF- rC+ Str+7 Stlth+} (You acquired it on level 4 of the Lair of Beasts)
 20297 | Lair:4   | Noticed a four-headed hydra
 20310 | Lair:4   | Banished a four-headed hydra
 20715 | Lair:5   | Noticed a five-headed hydra
 20724 | Lair:5   | Banished a five-headed hydra
 20724 | Lair:5   | Reached skill level 1 in Charms
 21243 | Lair:5   | Reached XP level 14. HP: 75/110 MP: 23/23
 21839 | Lair:1   | Reached skill level 5 in Charms
 21880 | D:11     | Bought a book of Necromancy for 510 gold pieces
 21884 | D:11     | Learned a level 3 spell: Regeneration
 22072 | Lair:6   | Reached skill level 1 in Necromancy
 22155 | Lair:6   | Found a staircase to the Snake Pit.
 22462 | Lair:6   | Got a translucent cloak
 22473 | Lair:6   | Identified the cursed +0 cloak "Doeqokla" {MR++ rCorr} (You found it on level 6 of the Lair of Beasts)
 23147 | Lair:7   | Reached skill level 5 in Necromancy
 23207 | Lair:7   | Reached skill level 10 in Armour
 23417 | Lair:7   | Found a staircase to the Slime Pits.
 23418 | Lair:7   | Found a viscous altar of Jiyva.
 23620 | Lair:8   | Entered Level 8 of the Lair of Beasts
 24406 | Lair:8   | Reached XP level 15. HP: 64/115 MP: 22/24
 24513 | Lair:8   | Learned a level 1 spell: Pain
 24828 | Lair:8   | Learned a level 4 spell: Animate Dead
 25925 | Orc:1    | Entered Level 1 of the Orcish Mines
 26304 | Orc:1    | HP: 3/115 [wolf spider (14)]
 26304 | Orc:1    | Slain by a wolf spider

Vault maps used:
D:1:      ldierk_walled_garden_2
D:2:      grunt_temple_overflow_order_and_chaos_1, led_sif_pool,
          ecumenical_altar_1
D:3:      kennysheep_slug_shrine, goddamned_bats, uniq_jessica, uniq_iyjb
D:4:      fiery_altar_vehumet, nicolae_qazlal_eye_of_the_storm, kennysheep_mini,
          first_bread
D:5:      nicolae_gozag_seed_capital, minmay_temple_entry_junction2,
          serial_shops, shop, lightli_corner_chamber
D:6:      tso_metal_star
D:7:      cheibrodos_ashenzari_chains, uniq_crazy_yiuf_cottage
D:8:      old_forge, kennysheep_mini_moat, minmay_overflow_temple_star_quad,
          gammafunk_pakellas_cloud_experiment, dancing_weapons_uskayaw,
          blue_anna_alchemist
D:9:      hiddenorc2_lemuel, minivault_25_ag
D:10:     uniq_sonja, uniq_gastronok, uniq_maurice
D:11:     erik_lair_orcish_takeover, serial_shops, shop_fountains
D:12:     minmay_misc_feat_x
Lair:2:   serial_bayou_pond_c, serial_bayou_lagoon_a,
          nicolae_lair_grove_arrangements
Lair:3:   wad_woods_minihive, forest_entry_grove
Lair:4:   minmay_swamp_entry_eels, grunt_megastairs_1
Lair:5:   hangedman_lair_unloving_vines, eino_small_chamber_without_monster,
          pond, infiniplex_staircase_pool, serial_bayou_shore_b
Lair:6:   dummy_snake_entry
Lair:7:   slime_altar_1, lookout_lair_type, minmay_lair_oklob_bushes
Lair:8:   hangedman_lair_caniforms_friends, guppyfry_lair_end_dragon,
          grunt_megastairs_3
Orc:1:    nicolae_orc_accident_3

Skill      XL: |  1  2  3  4  5  6  7  8  9 10 11 12 13 14 15 |
---------------+----------------------------------------------+-----
Axes           | 3 4 5 6 7 9 10 11 | 11.5
Armour         | 3 7 8 10 | 10.7
Shields        | 3 5 8 9 |  9.1
Invocations    | 5 7 8 |  8.5
Fighting       | 5 7 9 10 | 10.2
Dodging        | 3 7 8 9 |  9.5
Spellcasting   | 2 6 |  6.5
Conjurations   | 4 |  4.3
Charms         | 3 5 |  5.5
Necromancy     | 7 9 |  9.5

Action                   |  1- 3 |  4- 6 |  7- 9 | 10-12 | 13-15 || total
-------------------------+-------+-------+-------+-------+-------++-------
Melee: Hand axe          |    95 |     5 |       |       |       ||   100
       War axe           |       |   141 |   361 |   103 |       ||   605
       Battleaxe         |       |       |       |   931 |  1324 ||  2255
 Cast: Magic Dart        |       |       |       |       |    23 ||    23
       Regeneration      |       |       |       |       |    14 ||    14
       Animate Dead      |       |       |       |       |    22 ||    22
       Pain              |       |       |       |       |     8 ||     8
Invok: Depart the Abyss  |     1 |       |       |       |       ||     1
       Banish            |       |       |       |    11 |    15 ||    26
 Abil: Dig               |       |     2 |     6 |     8 |    14 ||    30
Evoke: Wand              |       |       |       |     1 |     3 ||     4
  Use: Scroll            |     7 |       |    10 |     7 |     8 ||    32
       Potion            |       |     2 |     2 |     5 |     8 ||    17
 Stab: Distracted        |       |       |       |     1 |     5 ||     6
  Eat: Chunk             |     2 |     4 |    19 |    27 |    42 ||    94
       Bread ration      |       |       |     1 |       |       ||     1
       Meat ration       |       |       |       |     1 |       ||     1
       Fruit             |       |       |       |       |     1 ||     1
Armor: Leather armour    |    13 |       |       |       |       ||    13
       Ring mail         |    37 |   106 |    93 |    61 |       ||   297
       Scale mail        |       |       |       |   164 |   380 ||   544
       Plate armour      |       |       |       |       |    53 ||    53
Dodge: Dodged            |    64 |   133 |   120 |   359 |   750 ||  1426
Block: Shield            |       |     1 |   125 |   622 |   973 ||  1721
